| TOP OF THE 1ST |
|
Williamsport Crosscutters batting - Pitching for Eugene Emeralds : RHP Scott Hanson
|
|
Pitching: RHP Scott Hanson
|
|
|
Batting: RHB Xavier Castellanos
|
0-0: Called Strike 0-1: Swinging Strike 0-2: Strikes out swinging
|
|
Batting: RHB Jason Ostrom
|
0-0: Ball 1-0: Reached on error, E5 (Groundball, 56, EV 100.6 MPH)
|
|
Batting: RHB John Manocchio
|
0-0: Called Strike Jason Ostrom steals 2nd, throwing error, E2 Jason Ostrom to third 0-1: Ball 1-1: Ball 2-1: Ball 3-1: Ground out 6-3 (Groundball, 6, EV 83.8 MPH) Jason Ostrom scores
|
|
Batting: SHB Art Kent
|
0-0: Ball 1-0: Ball 2-0: Foul Ball, location: 2F 2-1: Foul Ball, location: 2F 2-2: Fly out, F7 (Flyball, 7S, EV 84.4 MPH)
|
| Top of the 1st over - 1 run, 0 hits, 2 errors, 0 left on base; Williamsport 1 - Eugene 0 |
| BOTTOM OF THE 1ST |
|
Eugene Emeralds batting - Pitching for Williamsport Crosscutters : LHP Neal Chauveau
|
|
Pitching: LHP Neal Chauveau
|
|
|
Batting: RHB Du Kim
|
0-0: SINGLE (Flyball, 5D, EV 96.9 MPH)
|
|
Batting: LHB Emir Jalil
|
0-0: Ball 1-0: Ball 2-0: Ball 3-0: Base on Balls Du Kim to second
|
|
Batting: RHB Josh Asch
|
0-0: Called Strike 0-1: Ball 1-1: Ball 2-1: Ball 3-1: Grounds out, U3 (Groundball, 3L, EV 101.2 MPH) Du Kim to third
|
|
Batting: RHB Ricky Ramirez
|
0-0: DOUBLE (Line Drive, 89D, EV 111.2 MPH) Du Kim scores Emir Jalil scores
|
|
Batting: RHB Bill Holmes
|
0-0: Called Strike 0-1: Foul Ball, location: 2F 0-2: Ground out 3-1 (Groundball, 34, EV 105.0 MPH) Ricky Ramirez to third
|
|
Batting: RHB Jorge Lagunas
|
0-0: DOUBLE (Flyball, 89XD, EV 96.9 MPH) Ricky Ramirez scores
|
|
Batting: RHB Dave de Wolff
|
0-0: Ball 1-0: Foul Ball, location: 2F 1-1: Swinging Strike 1-2: Foul Ball, location: 2F 1-2: Ball 2-2: Foul Ball, location: 2F 2-2: Ground out 6-3 (Groundball, 56, EV 86.2 MPH)
|
| Bottom of the 1st over - 3 runs, 3 hits, 0 errors, 1 left on base; Williamsport 1 - Eugene 3 |
| TOP OF THE 2ND |
|
Williamsport Crosscutters batting - Pitching for Eugene Emeralds : RHP Scott Hanson
|
|
Batting: RHB Shintaro Katsumata
|
0-0: Called Strike 0-1: Fly out, F4 (Line Drive, 4, EV 66.9 MPH)
|
|
Batting: RHB Jose Nunez
|
0-0: Called Strike 0-1: Foul Ball, location: 2F 0-2: Ball 1-2: Ball 2-2: Ground out 5-3 (Groundball, 56, EV 89.4 MPH)
|
|
Batting: RHB Nick Cottrell
|
0-0: Ball 1-0: SINGLE (Groundball, 5S, EV 65.6 MPH) (infield hit)
|
|
Batting: RHB Leon Edwards
|
0-0: Ball 1-0: Fly out, F7 (Line Drive, 78M, EV 93.8 MPH)
|
| Top of the 2nd over - 0 runs, 1 hit, 0 errors, 1 left on base; Williamsport 1 - Eugene 3 |
| BOTTOM OF THE 2ND |
|
Eugene Emeralds batting - Pitching for Williamsport Crosscutters : LHP Neal Chauveau
|
|
Batting: RHB Gilberto Alvarado
|
0-0: Fly out, F8 (Flyball, 8LM, EV 88.1 MPH)
|
|
Batting: RHB Dan Orozco
|
0-0: Called Strike 0-1: Ball 1-1: Called Strike 1-2: Strikes out swinging
|
|
Batting: RHB Du Kim
|
0-0: Ball 1-0: Ball 2-0: Ball 3-0: Base on Balls
|
|
Batting: LHB Emir Jalil
|
0-0: Ball 1-0: Called Strike 1-1: Foul Ball, location: 2F 1-2: Ball 2-2: Foul Ball, location: 2F 2-2: SINGLE (Line Drive, 89S, EV 106.2 MPH) Du Kim to second Runner from 2nd tries for 3rd, SAFE, throw by RF made to third
|
|
Batting: RHB Josh Asch
|
0-0: Called Strike 0-1: Called Strike 0-2: Ball 1-2: SINGLE (Line Drive, 56D, EV 95.6 MPH) Du Kim scores Emir Jalil to second
|
|
Batting: RHB Ricky Ramirez
|
0-0: Ball 1-0: Called Strike 1-1: Ball 2-1: Ball 3-1: Ground out 2-3 (Groundball, 2L, EV 71.9 MPH)
|
| Bottom of the 2nd over - 1 run, 2 hits, 0 errors, 2 left on base; Williamsport 1 - Eugene 4 |
| TOP OF THE 3RD |
|
Williamsport Crosscutters batting - Pitching for Eugene Emeralds : RHP Scott Hanson
|
|
Batting: RHB Micah McErlean
|
0-0: Called Strike 0-1: Called Strike 0-2: Strikes out looking
|
|
Batting: RHB Xavier Castellanos
|
0-0: Called Strike 0-1: Ball 1-1: Ground out 4-3 (Groundball, 4MS, EV 90.0 MPH)
|
|
Batting: RHB Jason Ostrom
|
0-0: Ball 1-0: Ball 2-0: Reached on error, E5 (Groundball, 56, EV 86.2 MPH)
|
|
Batting: RHB John Manocchio
|
0-0: Called Strike Jason Ostrom steals 2nd base (no throw) 0-1: Foul Ball, location: 2F 0-2: Ball 1-2: Ball 2-2: Ball 3-2: Ground out 5-3 (Groundball, 56S, EV 73.8 MPH)
|
| Top of the 3rd over - 0 runs, 0 hits, 1 error, 1 left on base; Williamsport 1 - Eugene 4 |
| BOTTOM OF THE 3RD |
|
Eugene Emeralds batting - Pitching for Williamsport Crosscutters : LHP Neal Chauveau
|
|
Batting: RHB Bill Holmes
|
0-0: Foul Ball, location: 2F 0-1: Foul Ball, location: 2F 0-2: Foul Ball, location: 2F 0-2: Strikes out swinging
|
|
Batting: RHB Jorge Lagunas
|
0-0: Ground out 4-3 (Groundball, 4, EV 78.8 MPH)
|
|
Batting: RHB Dave de Wolff
|
0-0: Ball 1-0: Ground out 4-3 (Groundball, 4, EV 86.9 MPH)
|
| Bottom of the 3rd over - 0 runs, 0 hits, 0 errors, 0 left on base; Williamsport 1 - Eugene 4 |
| TOP OF THE 4TH |
|
Williamsport Crosscutters batting - Pitching for Eugene Emeralds : RHP Scott Hanson
|
|
Batting: SHB Art Kent
|
0-0: Called Strike 0-1: Foul Ball, location: 2F 0-2: Hit by Pitch
|
|
Batting: RHB Shintaro Katsumata
|
Pickoff Play to 1st, Runner tries for 2nd, OUT after rundown. 0-0: Ball 1-0: Ground out 5-3 (Groundball, 5, EV 87.5 MPH)
|
|
Batting: RHB Jose Nunez
|
0-0: Called Strike 0-1: Ball 1-1: Ball 2-1: Ball 3-1: Foul Ball, location: 2F 3-2: Fly out, F7 (Line Drive, 7, EV 89.4 MPH)
|
| Top of the 4th over - 0 runs, 0 hits, 0 errors, 0 left on base; Williamsport 1 - Eugene 4 |
| BOTTOM OF THE 4TH |
|
Eugene Emeralds batting - Pitching for Williamsport Crosscutters : LHP Neal Chauveau
|
|
Batting: RHB Gilberto Alvarado
|
0-0: Ball 1-0: SINGLE (Line Drive, 4MD, EV 93.8 MPH)
|
|
Batting: RHB Dan Orozco
|
0-0: SINGLE (Line Drive, 8LS, EV 106.9 MPH) Gilberto Alvarado to second
|
|
Batting: RHB Du Kim
|
0-0: Ball 1-0: Ball 2-0: Foul Ball, location: 2F 2-1: TRIPLE (Line Drive, 89XD, EV 100.6 MPH) Gilberto Alvarado scores Dan Orozco scores
|
|
Pitching: LHP Juan Ramirez
|
|
|
Batting: LHB Emir Jalil
|
0-0: Ground out U3 (Groundball, 3S, EV 83.1 MPH)
|
|
Batting: RHB Josh Asch
|
0-0: Swinging Strike 0-1: Ball 1-1: Ball 2-1: Called Strike 2-2: Strikes out looking
|
|
Batting: RHB Ricky Ramirez
|
0-0: Ball 1-0: Called Strike 1-1: Foul Ball, location: 2F 1-2: Foul Ball, location: 2F 1-2: Ball 2-2: Ball 3-2: Foul Ball, location: 2F 3-2: Strikes out looking
|
| Bottom of the 4th over - 2 runs, 3 hits, 0 errors, 1 left on base; Williamsport 1 - Eugene 6 |
| TOP OF THE 5TH |
|
Williamsport Crosscutters batting - Pitching for Eugene Emeralds : RHP Scott Hanson
|
|
Batting: RHB Nick Cottrell
|
0-0: Ball 1-0: Called Strike 1-1: Ball 2-1: Ball 3-1: Base on Balls
|
|
Batting: RHB Leon Edwards
|
0-0: Ball 1-0: Foul Ball, location: 2F 1-1: Foul Ball, location: 2F 1-2: Ball 2-2: Ball 3-2: SINGLE (Line Drive, 89S, EV 105.6 MPH) Nick Cottrell to second
|
|
Batting: RHB Micah McErlean
|
0-0: Ball 1-0: Ball 2-0: Ball Passed Ball! Nick Cottrell to third Leon Edwards to second 3-0: Base on Balls
|
|
Batting: RHB Xavier Castellanos
|
0-0: Called Strike 0-1: Swinging Strike 0-2: Foul Ball, location: 2F 0-2: Fielders Choice at 2nd, 4-6 (Groundball, 4, EV 103.8 MPH) Nick Cottrell scores Leon Edwards to third
|
|
Batting: RHB Jason Ostrom
|
0-0: Ball 1-0: SINGLE (Groundball, 56D, EV 101.2 MPH) Leon Edwards scores Xavier Castellanos to second
|
|
Batting: RHB John Manocchio
|
0-0: Foul Ball, location: 2F 0-1: Called Strike 0-2: Fly out, F9 (Flyball, 9, EV 92.5 MPH)
|
|
Batting: SHB Art Kent
|
0-0: Foul Ball, location: 2F 0-1: Ball 1-1: Foul Ball, location: 2F 1-2: Fly out, F7 (Flyball, 7D, EV 86.2 MPH)
|
| Top of the 5th over - 2 runs, 2 hits, 0 errors, 2 left on base; Williamsport 3 - Eugene 6 |
| BOTTOM OF THE 5TH |
|
Eugene Emeralds batting - Pitching for Williamsport Crosscutters : LHP Juan Ramirez
|
|
Batting: RHB Bill Holmes
|
0-0: Called Strike 0-1: Ball 1-1: Called Strike 1-2: Strikes out swinging
|
|
Batting: RHB Jorge Lagunas
|
0-0: Foul Ball, location: 2F 0-1: Foul Ball, location: 2F 0-2: Ball 1-2: Ball 2-2: Strikes out swinging
|
|
Batting: RHB Dave de Wolff
|
0-0: Ball 1-0: Ball 2-0: Foul Ball, location: 2F 2-1: Foul Ball, location: 2F 2-2: Foul Ball, location: 2F 2-2: Ball 3-2: Strikes out looking
|
| Bottom of the 5th over - 0 runs, 0 hits, 0 errors, 0 left on base; Williamsport 3 - Eugene 6 |
| TOP OF THE 6TH |
|
Williamsport Crosscutters batting - Pitching for Eugene Emeralds : RHP Scott Hanson
|
|
Pitching: RHP Francisco Landin
|
|
|
Batting: RHB Shintaro Katsumata
|
0-0: Ball 1-0: Ball 2-0: Foul Ball, location: 2F 2-1: Ground out 1-3 (Groundball, 13, EV 62.5 MPH)
|
|
Batting: RHB Jose Nunez
|
0-0: Ground out 6-3 (Groundball, 6, EV 101.2 MPH)
|
|
Batting: RHB Nick Cottrell
|
0-0: Ball 1-0: Ball 2-0: Called Strike 2-1: Foul Ball, location: 2F 2-2: Ground out 6-3 (Groundball, 6, EV 88.8 MPH)
|
| Top of the 6th over - 0 runs, 0 hits, 0 errors, 0 left on base; Williamsport 3 - Eugene 6 |
| BOTTOM OF THE 6TH |
|
Eugene Emeralds batting - Pitching for Williamsport Crosscutters : LHP Juan Ramirez
|
|
Batting: RHB Gilberto Alvarado
|
0-0: Called Strike 0-1: Ball 1-1: DOUBLE (Groundball, 5L, EV 97.5 MPH)
|
|
Batting: RHB Dan Orozco
|
0-0: Ball 1-0: Ground out 3-1 (Groundball, 34, EV 103.8 MPH) Gilberto Alvarado to third
|
|
Batting: RHB Du Kim
|
0-0: Called Strike 0-1: Called Strike 0-2: Reached on error, E6 (Groundball, 6, EV 91.2 MPH) Gilberto Alvarado scores
|
|
Batting: LHB Emir Jalil
|
0-0: Foul Ball, location: 2F 0-1: Ball 1-1: Ball 2-1: Ball 3-1: Foul Ball, location: 2F 3-2: Base on Balls Du Kim to second
|
|
Batting: RHB Josh Asch
|
0-0: Swinging Strike 0-1: Foul Ball, location: 2F 0-2: Strikes out swinging
|
|
Batting: RHB Ricky Ramirez
|
0-0: Swinging Strike 0-1: Foul Ball, location: 2F 0-2: Strikes out swinging
|
| Bottom of the 6th over - 1 run, 1 hit, 1 error, 2 left on base; Williamsport 3 - Eugene 7 |
| TOP OF THE 7TH |
|
Williamsport Crosscutters batting - Pitching for Eugene Emeralds : RHP Francisco Landin
|
|
Batting: RHB Leon Edwards
|
0-0: Ball 1-0: Foul Ball, location: 2F 1-1: Foul Ball, location: 2F 1-2: SINGLE (Groundball, 6MS, EV 65.0 MPH) (infield hit)
|
|
Batting: RHB Micah McErlean
|
0-0: DOUBLE (Line Drive, 5D, EV 97.5 MPH) Leon Edwards to third
|
|
Batting: RHB Xavier Castellanos
|
0-0: Ball 1-0: Ball 2-0: Ball 3-0: Base on Balls
|
|
Batting: RHB Jason Ostrom
|
0-0: Foul Ball, location: 2F 0-1: Ball 1-1: GRAND SLAM HOME RUN (Flyball, 78XD, EV 98.8 MPH), Distance : 386 ft
|
|
Pitching: LHP Jose Gutierres
|
|
|
Batting: RHB John Manocchio
|
0-0: Ball 1-0: SOLO HOME RUN (Flyball, 78XD, EV 103.8 MPH), Distance : 397 ft
|
|
Batting: SHB Art Kent
|
0-0: Ball 1-0: Ground out 6-3 (Groundball, 6S, EV 66.9 MPH)
|
|
Batting: RHB Shintaro Katsumata
|
0-0: Foul Ball, location: 2F 0-1: Swinging Strike 0-2: Strikes out swinging
|
|
Batting: RHB Jose Nunez
|
0-0: Swinging Strike 0-1: Called Strike 0-2: Foul Ball, location: 2F 0-2: Ground out 5-3 (Groundball, 56, EV 78.8 MPH)
|
| Top of the 7th over - 5 runs, 4 hits, 0 errors, 0 left on base; Williamsport 8 - Eugene 7 |
| BOTTOM OF THE 7TH |
|
Eugene Emeralds batting - Pitching for Williamsport Crosscutters : LHP Juan Ramirez
|
|
Batting: RHB Bill Holmes
|
0-0: Called Strike 0-1: Ball 1-1: Ball 2-1: Ball 3-1: Foul Ball, location: 2F 3-2: Base on Balls
|
|
Pitching: RHP John Barney
|
|
|
Batting: RHB Jorge Lagunas
|
0-0: Foul Ball, location: 2F 0-1: SINGLE (Line Drive, 8LS, EV 94.4 MPH) Bill Holmes to second Runner from 2nd tries for 3rd, SAFE, throw by CF made to third
|
|
Pinch Hitting: LHB Wing-tat Tai
|
0-0: Ball 1-0: Foul Ball, location: 2F 1-1: Ball 2-1: Ground out 4-3 (Groundball, 4, EV 90.0 MPH) Jorge Lagunas to second
|
|
Batting: RHB Gilberto Alvarado
|
0-0: Ball 1-0: Swinging Strike 1-1: Called Strike 1-2: Ball 2-2: Strikes out swinging
|
|
Batting: RHB Dan Orozco
|
0-0: Called Strike 0-1: Called Strike 0-2: Ball 1-2: Strikes out swinging
|
| Bottom of the 7th over - 0 runs, 1 hit, 0 errors, 2 left on base; Williamsport 8 - Eugene 7 |
| TOP OF THE 8TH |
|
Williamsport Crosscutters batting - Pitching for Eugene Emeralds : LHP Jose Gutierres
|
|
Now in RF: Wing-tat Tai
|
|
|
Batting: RHB Nick Cottrell
|
0-0: SINGLE (Groundball, 34D, EV 99.4 MPH)
|
|
Batting: RHB Leon Edwards
|
0-0: Bunted foul 0-1: Sac Bunt to 2L - play at first, batter OUT! 2-3 Nick Cottrell to second
|
|
Batting: RHB Micah McErlean
|
0-0: Called Strike 0-1: Ball 1-1: Ball 2-1: Ball 3-1: Swinging Strike 3-2: Base on Balls
|
|
Batting: RHB Xavier Castellanos
|
0-0: Ball 1-0: Called Strike 1-1: Called Strike 1-2: Ball 2-2: Foul Ball, location: 2F 2-2: Ball 3-2: Base on Balls Nick Cottrell to third Micah McErlean to second
|
|
Batting: RHB Jason Ostrom
|
0-0: Ball 1-0: Ball 2-0: Grounds into fielders choice 3-2 (Groundball, 34S, EV 81.2 MPH) Micah McErlean to third Xavier Castellanos to second
|
|
Batting: RHB John Manocchio
|
0-0: Foul Ball, location: 2F 0-1: Ball 1-1: Foul Ball, location: 2F 1-2: GRAND SLAM HOME RUN (Flyball, 7LD, EV 91.9 MPH), Distance : 329 ft
|
|
Pitching: RHP Victor de Leon
|
|
|
Batting: SHB Art Kent
|
0-0: Foul Ball, location: 2F 0-1: Foul Ball, location: 2F 0-2: Ball 1-2: Ground out 6-3 (Groundball, 6, EV 84.4 MPH)
|
| Top of the 8th over - 4 runs, 2 hits, 0 errors, 0 left on base; Williamsport 12 - Eugene 7 |
| BOTTOM OF THE 8TH |
|
Eugene Emeralds batting - Pitching for Williamsport Crosscutters : RHP John Barney
|
|
Batting: RHB Du Kim
|
0-0: Called Strike 0-1: Ball 1-1: Ball 2-1: Ball 3-1: Called Strike 3-2: Ground out 5-3 (Groundball, 56, EV 83.8 MPH)
|
|
Batting: LHB Emir Jalil
|
0-0: Swinging Strike 0-1: Ball 1-1: Called Strike 1-2: Ball 2-2: Strikes out swinging
|
|
Batting: RHB Josh Asch
|
0-0: Called Strike 0-1: SINGLE (Groundball, 4MS, EV 66.9 MPH) (infield hit)
|
|
Batting: RHB Ricky Ramirez
|
0-0: Foul Ball, location: 2F 0-1: Ball 1-1: Ball 2-1: Ball 3-1: Base on Balls Josh Asch to second
|
|
Batting: RHB Bill Holmes
|
0-0: Foul Ball, location: 2F 0-1: Called Strike 0-2: SINGLE (Groundball, 34D, EV 97.5 MPH) Josh Asch to third Ricky Ramirez to second Runner from 3rd tries for Home, SAFE, throw by RF to home
|
|
Batting: RHB Jorge Lagunas
|
0-0: Called Strike 0-1: Ball 1-1: SINGLE (Flyball, 6D, EV 91.2 MPH) Ricky Ramirez to third Bill Holmes to second Runner from 3rd tries for Home, SAFE, throw by CF to home
|
|
Batting: LHB Wing-tat Tai
|
0-0: Ball 1-0: SINGLE (Popup, 6D, EV 46.9 MPH) Bill Holmes to third Jorge Lagunas to second Runner from 3rd tries for Home, throw by SS and OUT! 6-2
|
| Bottom of the 8th over - 2 runs, 4 hits, 0 errors, 2 left on base; Williamsport 12 - Eugene 9 |
| TOP OF THE 9TH |
|
Williamsport Crosscutters batting - Pitching for Eugene Emeralds : RHP Victor de Leon
|
|
Batting: RHB Shintaro Katsumata
|
0-0: Ball 1-0: Fly out, F7 (Flyball, 78S, EV 95.6 MPH)
|
|
Batting: RHB Jose Nunez
|
0-0: Ball 1-0: Ball 2-0: Ball 3-0: Base on Balls
|
|
Batting: RHB Nick Cottrell
|
0-0: Called Strike Jose Nunez is caught stealing 2nd base 2-4 0-1: Ball 1-1: Foul Ball, location: 2F 1-2: Ball 2-2: Ball 3-2: Strikes out looking
|
| Top of the 9th over - 0 runs, 0 hits, 0 errors, 0 left on base; Williamsport 12 - Eugene 9 |
| BOTTOM OF THE 9TH |
|
Eugene Emeralds batting - Pitching for Williamsport Crosscutters : RHP John Barney
|
|
Pitching: RHP Lance Brisson
|
|
|
Batting: RHB Gilberto Alvarado
|
0-0: Ball 1-0: Swinging Strike 1-1: Foul Ball, location: 2F 1-2: Foul Ball, location: 2F 1-2: SINGLE (Groundball, 6D, EV 102.5 MPH)
|
|
Pinch Hitting: RHB Mike Hill
|
0-0: Called Strike 0-1: Swinging Strike 0-2: Strikes out looking
|
|
Batting: RHB Du Kim
|
0-0: Ball 1-0: Called Strike 1-1: Swinging Strike 1-2: Strikes out swinging
|
|
Batting: LHB Emir Jalil
|
0-0: Called Strike 0-1: Ball 1-1: Ball 2-1: SINGLE (Groundball, 34, EV 104.4 MPH) Gilberto Alvarado to second
|
|
Batting: RHB Josh Asch
|
0-0: Ground out 4-3 (Groundball, 34, EV 85.0 MPH)
|
| Bottom of the 9th over - 0 runs, 2 hits, 0 errors, 2 left on base; Williamsport 12 - Eugene 9 |
|